 Dungeon Crawl Stone Soup version 0.28.0-53-g5a82cb258f (webtiles) character file.

Game seed: 10026619773416595485

173 cbfl8 the Skirmisher (level 5, 0/51 HPs)
             Began as a Gargoyle Berserker on July 20, 2022.
             Was a Believer of Trog.
             Slain by an orc
             ... wielding a +0 flail
              (2 damage)
             ... on level 3 of the Dungeon.
             The game lasted 00:03:33 (2695 turns).

cbfl8 the Skirmisher (Gargoyle Berserker)           Turns: 2695, Time: 00:03:34

Health: 0/51       AC: 11    Str: 20    XL:     5   Next: 53%
Magic:  5/5        EV: 10    Int:  8    God:    Trog [**....]
Gold:   111        SH:  0    Dex: 11    Spells: 4/4 levels left

rFire   . . .      SeeInvis .   a - +0 mace
rCold   . . .      Faith    .   (no shield)
rNeg    + . .      Spirit   .   c - +0 scale mail
rPois   ∞          Reflect  .   (no helmet)
rElec   +          Harm     .   g - +0 cloak
rCorr   .          Rampage  .   (no gloves)
Will    .....                   (no boots)
Stlth   ..........              (no amulet)
HPRegen 0.17/turn               (no ring)
MPRegen 0.09/turn               (no ring)

@: berserking (expiring), very quick
A: sickness immunity, AC +4, negative energy resistance 1, electricity
resistance, torment resistance 1, petrification resistance
a: Renounce Religion, Berserk, Trog's Hand


You were on level 3 of the Dungeon.
You worshipped Trog.
Trog was pleased with you.
You visited 1 branch of the dungeon, and saw 3 of its levels.

You collected 111 gold pieces.

Inventory:

Hand Weapons
 a - a +0 mace (weapon)
Armour
 b - a +0 animal skin
 c - a +0 scale mail (worn)
 g - a +0 cloak (worn)
Scrolls
 d - a scroll of vulnerability {unknown}
 e - a scroll of magic mapping {unknown}
 h - a scroll of summoning {unknown}
 j - a scroll of fear {unknown}
Potions
 f - a potion of flight {unknown}
 i - a potion of invisibility {unknown}
 k - 2 potions of mutation {unknown}
 l - a potion of curing {unknown}


   Skills:
 * Level 4.3 Fighting
 + Level 4.2 Maces & Flails
 + Level 3.1 Armour
 + Level 1.9 Dodging
 * Level 1.6 Evocations


You had 4 spell levels left.
You didn't know any spells.
Your spell library was empty.

Dungeon Overview and Level Annotations

Branches:
Dungeon (3/15)

Altars:
Kikubaaqudgha


Innate Abilities, Weirdness & Mutations

You are immune to sickness and miasma.
Your stone body is resilient. (AC +4)
You are immune to poison.
You resist negative energy. (rN+)
You are resistant to electric shocks. (rElec)
You are resistant to unholy torment.
You are immune to petrification.


Message History

You are too injured to fight recklessly!
You are too injured to fight recklessly!
You are too injured to fight recklessly!
You are too injured to fight recklessly!
You are too injured to fight recklessly!
You are too injured to fight recklessly!
You are too injured to fight recklessly!
You are too injured to fight recklessly!
You are too injured to fight recklessly!
You closely miss the orc. The orc barely misses you.
You hear some strange, mumbled words.
A magic dart appears from out of thin air!
The magic dart hits you!
* * * LOW HITPOINT WARNING * * *
A red film seems to cover your vision as you go berserk!
You feel yourself moving faster!
You feel mighty! The orc hits you but does no damage.
Something hits you but does no damage.
You hit something. The orc hits you but does no damage.
You closely miss something. Something hits you but does no damage.
The orc hits you but does no damage.
You barely miss something. Something hits you but does no damage.
The orc barely misses you.
You barely miss something. Something hits you but does no damage.
The orc barely misses you.
You barely miss something. Something hits you but does no damage.
The orc barely misses you.
You closely miss something. Something hits you but does no damage.
The orc barely misses you.
You miss something. Something hits you.
* * * LOW HITPOINT WARNING * * *
You miss something. The orc hits you but does no damage.
You miss something. Something hits you but does no damage.
The orc hits you but does no damage.
You miss something.
You hear some strange, mumbled words.
A puff of flame appears from out of thin air!
The puff of flame hits you!
* * * LOW HITPOINT WARNING * * *
The orc hits you with a +0 flail.
You die...

........###......#
..........'...>..#
........###......#
........# ####.###
.÷......# #.#########
######### #.#.....≈.. #
######'#....≈.≈. ######
.........†.....≈≈ >....#
.........@o....≈≈ ≈≈o≈≈≈≈
.....# .........){....≈≈≈
≈≈o≈≈≈≈ .....#
...............≈≈≈. ♣≈≈≈.≈
######
..............≈≈≈≈._♣≈≈≈.§
#
...............≈≈≈≈..≈≈≈≈§
#
$........####≈.≈≈≈≈≈≈≈≈≈..
# ######### ..≈≈≈≈≈≈≈≈≈..
# .≈≈≈≈≈≈≈≈≈.. # ≈≈≈...≈..


You could see an orc.

Vanquished Creatures
  Natasha (twice) (D:2)
  5 adders
  A worm (D:3)
  A dart slug (D:1)
  2 orcs (D:3)
  7 endoplasms
  3 giant cockroaches
  8 goblins
  6 hobgoblins
  9 kobolds
  5 quokkas
  11 ball pythons
  4 bats
  4 rats
68 creatures vanquished.

Notes
Turn   | Place    | Note
-------+----------+-------------------------------------------
     0 | D:1      | cbfl8 the Gargoyle Berserker began the quest for the Orb.
     0 | D:1      | Reached XP level 1. HP: 14/14 MP: 1/1
   399 | D:1      | Reached XP level 2. HP: 19/19 MP: 2/2
   616 | D:1      | Reached skill level 1 in Evocations
   750 | D:1      | Reached XP level 3. HP: 21/24 MP: 3/3
   900 | D:2      | Reached ** piety under Trog
  1038 | D:2      | Reached XP level 4. HP: 23/29 MP: 4/4
  1125 | D:2      | Noticed Natasha
  1132 | D:2      | Killed Natasha
  1154 | D:2      | Noticed Natasha
  1169 | D:2      | Killed Natasha
  1714 | D:2      | Reached XP level 5. HP: 33/33 MP: 5/5
  2146 | D:3      | Found a faded altar of an unknown god.
  2407 | D:3      | Found an ancient bone altar of Kikubaaqudgha.
  2695 | D:3      | HP: 2/51 [something/puff of flame (9)]
  2695 | D:3      | Slain by an orc

Illustrated notes

Levels and vault maps discovered:
D:1:      nagdon_arrival_double_spiral, layout_loops_ring,
          minmay_misc_feat_tiny, st_stairs_10
D:2:      layout_rooms, minmay_strange_pillars, uniq_natasha
D:3:      layout_basic, kiku_gazebo_garden_becter,
          chequers_ecumenical_altar_island, chequers_serial_rivers_micro_b

Skill      XL: |  1  2  3  4 |
---------------+-------------+-----
Evocations     | 1 |  1.6
Fighting       | 4 |  4.3
Maces & Flails | 4 |  4.2
Armour         | 3 |  3.1
Dodging        | |  1.9

Action                   |  1- 3 |  4- 6 || total
-------------------------+-------+-------++-------
Melee: Mace              |   129 |   134 ||   263
       Punch             |     1 |       ||     1
Invok: Berserk           |       |     1 ||     1
Armor: Scale mail        |    86 |    75 ||   161
       Animal skin       |     8 |       ||     8
Dodge: Dodged            |    88 |    90 ||   178
